Map: Incorporeal LE

Players

jeannysu - Winner!

  • Race: Zerg Zerg
  • Spawn Location: 5:00

VOD

Have the link to the VOD?

Description

Time

  • Played on: Aug. 31, 2025, 10:53 a.m.
  • Length: 16:52
Show
View Real Time Build Order
Export as new Build Order

jeannysu Zerg - Winner!

Build Orders:  

Get SALT Encoding   

  12  0:01  Drone  
  13  0:17  Overlord  
  13  0:24  Drone  
  14  0:42  Drone x2  
  16  1:08  Hatchery  
  8  1:10  Drone  
  15  1:15  Drone  
  17  1:21  Drone  
  18  1:35  Extractor  
  17  1:43  Spawning Pool  
  17  1:46  Drone  
  17  1:51  Drone  
  18  2:03  Drone  
  19  2:19  Overlord  
  19  2:49  Zergling x2  
  20  2:50  Zergling x2  
  20  2:51  Queen x2  
  20  2:52  Drone  
  26  3:05  Drone x2  
  28  3:18  Drone  
  29  3:30  Drone  
  30  3:49  Roach Warren  
  29  3:51  Drone x2  
  29  3:53  Overlord  
  29  3:55  Drone  
  32  4:05  Drone  
  33  4:22  Metabolic Boost  
  33  4:24  Queen  
  33  4:26  Drone  
  36  4:30  Hatchery  
  36  4:38  Queen  
  37  4:43  Zergling x2  
  37  4:44  Zergling x2  
  39  4:50  Overlord  
  39  5:11  Drone x5  
  39  5:13  Overlord  
  39  5:18  Drone x2  
  46  5:42  Queen  
  46  5:47  Overlord x2  
  46  5:48  Roach  
  46  5:49  Roach x2  
  37  6:39  Roach  
  35  6:40  Roach x6  
  41  6:55  Roach  
  41  6:56  Roach x4  
  50  7:17  Roach x2  
  54  7:26  Drone  
  54  7:27  Drone  
  56  7:42  Drone x2  
  58  7:52  Drone  
  58  7:53  Drone x2  
  58  7:54  Extractor  
  58  7:58  Drone  
  58  7:59  Drone  
  62  8:01  Queen  
  62  8:08  Drone x2  
  66  8:24  Drone  
  66  8:26  Drone x2  
  66  8:27  Drone x2  
  71  8:39  Drone  
  72  8:43  Drone  
  73  8:56  Lair  
  73  9:00  Zergling x2  
  73  9:02  Drone x3  
  73  9:03  Drone x2  
  73  9:04  Overlord  
  79  9:25  Drone  
  79  9:26  Drone x2  
  79  9:29  Overlord x2  
  82  9:30  Queen  
  84  10:07  Roach x2  
  92  10:11  Drone x3  
  92  10:12  Drone  
  92  10:14  Extractor  
  92  10:16  Extractor  
  92  10:17  Drone x2  
  92  10:18  Drone  
  97  10:20  Queen  
  97  10:22  Extractor x2  
  97  10:37  Drone  
  98  10:44  Drone  
  98  10:45  Drone x6  
  98  10:47  Overlord x4  
  105  11:12  Hatchery  
  96  11:37  Roach  
  96  11:38  Roach x14  
  126  11:47  Drone  
  125  11:53  Roach  
  125  11:54  Roach x2  
  131  12:05  Roach x2  
  131  12:06  Roach  
  137  12:10  Overlord  
  121  12:44  Glial Reconstitution  
  123  13:08  Drone, Queen  
  123  13:09  Drone x8  
  136  13:16  Drone x2  
  121  13:42  Roach x2  
  121  13:43  Roach x8  
  141  13:53  Evolution Chamber  
  141  13:54  Evolution Chamber  
  139  14:17  Roach x2  
  139  14:18  Zergling x2  
  139  14:19  Overlord x3  
  144  14:20  Overlord  
  138  15:14  Roach  
  138  15:15  Roach x11  
  162  15:26  Overseer  
  162  15:28  Pneumatized Carapace  
  162  15:31  Extractor  
  162  15:33  Extractor  
  160  15:53  Roach  
  160  15:54  Roach x7  
Tags
 
Matchup
Co-op
Replay Pack
새 폴더
Add a new tag
Caveats
  • Supply blocks, unpowered buildings, or Contaminate may cause inaccurate times.
  • Supply counts are checked every 10 seconds.